Map: Kairos Junction LE

Players

Woah

  • Race: Terran Terran
  • League: Diamond
  • Spawn Location: 5:00

StoneColD - Winner!

  • Race: Zerg Zerg
  • League: Platinum
  • Spawn Location: 11:00

VOD

Have the link to the VOD?

Description

Time

  • Played on: June 14, 2019, 7:27 p.m.
  • Length: 9:56
Show
View Real Time Build Order
Export as new Build Order

Woah Terran 

Build Orders:  

Get SALT Encoding   

  12  0:01  SCV  
  13  0:13  SCV  
  14  0:18  Supply Depot  
  14  0:28  SCV  
  15  0:41  Barracks  
  15  0:43  SCV  
  16  0:56  Barracks  
  16  1:00  SCV  
  17  1:08  Refinery  
  17  1:13  SCV  
  18  1:26  SCV  
  18  1:32  Marine  
  20  1:40  Bunker  
  20  1:43  Orbital Command, Marine  
  21  1:56  Marine  
  22  2:03  Marine  
  22  2:04  Supply Depot  
  23  2:23  Bunker  
  23  2:39  Factory  
  23  2:40  SCV  
  24  2:49  Command Center  
  24  2:57  SCV  
  20  3:42  SCV  
  20  3:47  Starport  
  20  3:53  Command Center  
  20  3:54  SCV, Refinery  
  21  4:01  Orbital Command  
  21  4:02  Factory Reactor  
  21  4:06  SCV  
  22  4:18  SCV  
  22  4:22  Barracks Tech Lab  
  22  4:24  Engineering Bay, Barracks Reactor  
  23  4:30  SCV  
  24  4:34  Starport Tech Lab  
  24  4:42  Hellion  
  28  4:53  Hellion  
  28  4:58  Supply Depot  
  28  4:59  Supply Depot  
  18  5:15  Hellion  
  13  5:32  SCV  
  14  5:39  Factory Tech Lab  
  14  5:49  SCV x3  
  17  5:51  Marine  
  18  6:01  SCV  
  18  6:02  SCV  
  20  6:06  Cloaking Field  
  20  6:11  Marine x3  
  20  6:16  SCV  
  24  6:23  Terran Infantry Weapons Level 1  
  24  6:27  Siege Tank  
  24  6:29  Marine x2  
  29  6:33  SCV x2  
  31  6:45  SCV x2  
  33  6:50  Marine x3  
  36  6:57  SCV  
  36  6:59  SCV  
  38  7:06  Orbital Command  
  38  7:08  Marine  
  39  7:09  Marine  
  39  7:10  SCV, Marine  
  39  7:11  SCV  
  39  7:12  Engineering Bay  
  43  7:18  Barracks  
  43  7:22  SCV  
  44  7:23  SCV  
  44  7:26  Banshee, Marine  
  44  7:27  Marine x2  
  51  7:36  SCV  
  52  7:43  Bunker  
  52  7:45  Supply Depot  
  37  8:10  SCV  
  37  8:11  SCV, Reaper  
  24  8:37  Banshee  
  24  8:39  SCV  
  29  8:42  Orbital Command  
  29  8:51  SCV  
  29  8:54  Siege Tank  
  32  8:56  Marauder, Marine x2  
  36  9:03  SCV  
  36  9:07  Barracks Reactor  
  36  9:08  Barracks  
  37  9:12  SCV  
  37  9:15  SCV  
  22  9:40  SCV  
Show
View Real Time Build Order
Export as new Build Order

StoneColD Zerg - Winner!

Build Orders: Hatch First 

Get SALT Encoding   

  12  0:01  Drone  
  13  0:12  Overlord  
  13  0:20  Drone  
  14  0:30  Drone x2  
  16  0:52  Hatchery  
  16  0:53  Drone  
  16  0:57  Drone  
  16  1:01  Drone  
  18  1:11  Extractor  
  17  1:18  Spawning Pool  
  17  1:20  Drone  
  17  1:24  Drone  
  18  1:30  Drone  
  19  1:40  Overlord  
  19  1:51  Drone  
  20  2:05  Zergling x2  
  20  2:07  Zergling x2  
  20  2:08  Queen x2  
  26  2:18  Zergling x4  
  28  2:23  Zergling x2  
  29  2:34  Zergling x4  
  31  2:37  Zergling x2  
  31  2:48  Overlord  
  29  2:52  Queen  
  29  2:55  Zergling x4  
  30  3:13  Zergling x6  
  30  3:17  Drone  
  30  3:19  Drone x3  
  32  3:39  Zergling x4  
  32  3:40  Zergling x2  
  33  3:44  Queen  
  33  3:46  Drone x2  
  37  3:54  Zergling x4  
  39  4:03  Drone x2  
  39  4:09  Overlord x2  
  41  4:11  Overlord  
  41  4:15  Drone  
  41  4:16  Drone  
  43  4:29  Drone  
  43  4:30  Drone  
  45  4:37  Zergling x4  
  47  4:48  Drone x6  
  47  4:51  Extractor  
  52  4:52  Extractor  
  52  4:53  Lair  
  52  4:56  Hatchery  
  49  5:13  Drone x4  
  52  5:18  Roach Warren  
  48  5:22  Evolution Chamber  
  48  5:23  Spore Crawler  
  48  5:25  Spore Crawler  
  48  5:28  Extractor, Drone  
  45  5:29  Drone x3  
  45  5:31  Overlord x2  
  44  5:49  Zerg Missile Weapons Level 1  
  44  5:57  Hydralisk Den  
  44  5:58  Drone x2  
  44  5:59  Drone x3  
  44  6:00  Drone  
  44  6:02  Glial Reconstitution  
  49  6:08  Queen  
  49  6:09  Queen  
  53  6:14  Roach  
  53  6:15  Roach x3  
  53  6:16  Roach  
  64  6:18  Drone  
  64  6:30  Roach  
  66  6:33  Hydralisk x3  
  66  6:37  Hydralisk  
  66  6:38  Hydralisk  
  76  6:51  Hydralisk x4  
  84  6:56  Drone x2  
  84  6:59  Drone x2  
  84  7:01  Drone  
  89  7:10  Drone  
  89  7:12  Overlord x3  
  90  7:25  Overlord x2  
  90  7:26  Overlord  
  90  7:34  Ravager  
  90  7:35  Ravager x3  
  90  7:36  Ravager  
  97  7:37  Roach x4  
  97  7:38  Roach  
  97  7:43  Zerg Ground Armor Level 1  
  105  7:47  Drone  
  105  7:48  Drone x4  
  103  8:10  Roach  
  103  8:11  Roach x8  
  119  8:16  Pneumatized Carapace  
  119  8:17  Overseer x2  
  108  8:32  Hydralisk  
  108  8:33  Hydralisk x6  
  116  8:41  Drone  
  116  8:42  Drone x2  
  116  8:47  Extractor  
  118  8:50  Extractor  
  117  8:58  Hydralisk  
  117  8:59  Roach  
  117  9:00  Roach x3  
  117  9:02  Ravager  
  128  9:05  Overlord x3  
  128  9:11  Hydralisk  
  130  9:26  Hydralisk x4  
  136  9:31  Roach  
  136  9:32  Roach x2  
Tags
 
Matchup
TvZ
Replay Pack
r1
Spawn Locations
Cross Positions
Add a new tag
Caveats
  • Supply blocks, unpowered buildings, or Contaminate may cause inaccurate times.
  • Supply counts are checked every 10 seconds.